 Dungeon Crawl Stone Soup version 0.28.0 (webtiles) character file.

Game seed: 4357652310611752995

274 browni3141 the Skirmisher (level 6, -3/84 HPs)
             Began as a Minotaur Berserker on Feb 11, 2022.
             Was a Believer of Trog.
             Slain by Sigmund (7 damage)
             ... on level 4 of the Dungeon.
             The game lasted 00:01:12 (2136 turns).

browni3141 the Skirmisher (Minotaur Berserker)      Turns: 2136, Time: 00:01:12

Health: -3/84      AC:  6    Str: 22    XL:     6   Next: 3%
Magic:  5/5        EV: 13    Int:  4    God:    Trog [**....]
Gold:   142        SH:  0    Dex: 11    Spells: 5/5 levels left

rFire   . . .      SeeInvis .   a - +0 hand axe
rCold   . . .      Faith    .   (no shield)
rNeg    . . .      Spirit   .   b - +0 animal skin
rPois   .          Reflect  .   (helmet restricted)
rElec   .          Harm     .   (no cloak)
rCorr   .          Rampage  .   (no gloves)
Will    .....                   (no boots)
Stlth   ..........              (no amulet)
HPRegen 0.24/turn               n - +4 ring of protection
MPRegen 0.09/turn               (no ring)

@: berserking (expiring), very quick
A: horns 2, retaliatory headbutt
a: Renounce Religion, Berserk, Trog's Hand


You were on level 4 of the Dungeon.
You worshipped Trog.
Trog was pleased with you.
You visited 1 branch of the dungeon, and saw 4 of its levels.

You collected 142 gold pieces.

Inventory:

Hand Weapons
 a - a +0 hand axe (weapon)
Armour
 b - a +0 animal skin (worn)
Jewellery
 n - a +4 ring of protection (left hand)
Wands
 m - a wand of polymorph (9)
Scrolls
 c - a scroll of enchant weapon {unknown}
 d - a scroll of immolation {unknown}
 i - a scroll of identify {unknown}
 k - a scroll of summoning {unknown}
 o - a scroll of teleportation {unknown}
Potions
 e - a potion of curing {unknown}
 f - a potion of brilliance {unknown}
 g - 2 potions of resistance {unknown}
 h - a potion of lignification {unknown}
 j - a potion of degeneration {unknown}
 l - a potion of might {unknown}


   Skills:
 + Level 5.1 Fighting
 + Level 5.1 Axes
 + Level 4.2 Armour
 + Level 3.9 Dodging


You had 5 spell levels left.
You didn't know any spells.
Your spell library was empty.

Dungeon Overview and Level Annotations

Branches:
Dungeon (4/15)
 Temple: D:4-7

Altars:
Uskayaw

Annotations:
D:4 Sigmund


Innate Abilities, Weirdness & Mutations

You have a pair of horns on your head.
You reflexively headbutt those who attack you in melee.


Message History

You barely miss Grinder. Your headbutt misses Grinder.
Grinder is moderately wounded.
Sigmund hits you from afar with a +1 vorpal scythe.
* * * LOW HITPOINT WARNING * * *
x2 You are too injured to fight recklessly!
You are too injured to fight recklessly!
You are too injured to fight recklessly!
You are too injured to fight recklessly!
You are too injured to fight recklessly!
You hit Grinder.
Grinder is heavily wounded.
Grinder misses you.
You are too injured to fight recklessly!
You closely miss Grinder.
Grinder is heavily wounded.
Sigmund mumbles some strange words.
Sigmund flickers and vanishes!
Deactivating autopickup; reactivate with Ctrl-A.
Grinder hits you.
* * * LOW HITPOINT WARNING * * *
You are too injured to fight recklessly!
You slash Grinder! You headbutt Grinder.
Grinder is almost dead.
You are too injured to fight recklessly!
You slash Grinder!
You kill Grinder!
Trog accepts your kill. Something hits you!
* * * LOW HITPOINT WARNING * * *
x2 Your Fighting skill increases to level 5!
Your Axes skill increases to level 5!
Your Armour skill increases to level 4!
You have reached level 5!
You have reached level 6!
Your skin stops crawling.
You feel less strong-willed.
You are too injured to fight recklessly!
You closely miss something. Something hits you.
* * * LOW HITPOINT WARNING * * *
x2 You hit something.
You miss something. Your headbutt misses something. Something hits you!
You die...

.. .# .. ..#.#..
.. .......
..#####..... . .
..........# .. ...
........##.#
..$..##..#......#.
......{@#.........
.....###..<.......
### #..........
#..........
#..........
...........
............
##.#.........
..........#.


There were no monsters in sight!

Vanquished Creatures
  Grinder (D:4)
  3 adders
  3 worms
  A dart slug (D:3)
  5 orcs (D:3)
  2 ball pythons
  2 bats (D:3)
  3 endoplasms
  3 giant cockroaches
  7 goblins
  4 hobgoblins
  A quokka (D:1)
  3 frilled lizards
  5 kobolds
  5 rats
48 creatures vanquished.

Notes
Turn   | Place    | Note
-------+----------+-------------------------------------------
     0 | D:1      | browni3141 the Minotaur Berserker began the quest for the
                  | Orb.
     0 | D:1      | Reached XP level 1. HP: 19/19 MP: 0/0
    13 | D:1      | Found a faded altar of an unknown god.
    86 | D:1      | Reached XP level 2. HP: 20/27 MP: 1/1
   799 | D:2      | Reached ** piety under Trog
   800 | D:2      | Reached XP level 3. HP: 31/33 MP: 2/2
  1274 | D:3      | Found a hide-covered altar of Uskayaw.
  1441 | D:3      | Reached XP level 4. HP: 23/41 MP: 3/3
  2116 | D:4      | Noticed Sigmund
  2119 | D:4      | Noticed Grinder
  2119 | D:4      | Paralysed by Grinder for 6 turns
  2132 | D:4      | Killed Grinder
  2133 | D:4      | Reached skill level 5 in Fighting
  2133 | D:4      | Reached skill level 5 in Axes
  2133 | D:4      | Reached XP level 5. HP: 5/48 MP: 4/4
  2133 | D:4      | Reached XP level 6. HP: 6/56 MP: 5/5
  2134 | D:4      | HP: 4/84 [something (2)]
  2136 | D:4      | Slain by Sigmund

Illustrated notes

Levels and vault maps discovered:
D:1:      minmay_arrival_stone_box, layout_rooms,
          shapermc_ecumenical_altar_totnotflames
D:2:      layout_basic, kennysheep_potato
D:3:      layout_basic, mainiacjoe_overflow_alcove_1, minmay_misc_feat_ornament
D:4:      layout_rooms, chei_slow_surprise, nicolae_ru_sacrificial_ziggurat,
          uniq_grinder, uniq_sigmund

Skill      XL: |  1  2  3  4 |
---------------+-------------+-----
Fighting       | 4 5 |  5.1
Axes           | 4 5 |  5.1
Armour         | 3 4 |  4.2
Dodging        | 3 |  3.9

Action                   |  1- 3 |  4- 6 || total
-------------------------+-------+-------++-------
Melee: Hand axe          |    65 |    39 ||   104
       Headbutt          |    10 |     5 ||    15
       Punch             |     1 |     1 ||     2
Invok: Berserk           |       |     1 ||     1
       Trog's Hand       |       |     1 ||     1
 Stab: Sleeping          |       |     1 ||     1
Armor: Animal skin       |     9 |     8 ||    17
Dodge: Dodged            |    48 |    20 ||    68
